 Dungeon Crawl Stone Soup version 0.27.0-66-gdc8fb28755 (webtiles) character file.

Game seed: 17996257616465504056

51 Malachi the Poker (level 3, -4/28 HPs)
             Began as a Demonspawn Gladiator on Aug 20, 2021.
             Slain by Sigmund (13 damage)
             ... on level 2 of the Dungeon.
             The game lasted 00:02:38 (3382 turns).

Malachi the Poker (Demonspawn Gladiator)            Turns: 3382, Time: 00:02:39

Health: -4/28      AC:  5    Str: 15    XL:     3   Next: 57%
Magic:  3/3        EV: 12    Int:  9    God:
Gold:   66         SH:  8    Dex: 14    Spells: 2/2 levels left

rFire    + . .     SeeInvis .   a - +0 trident
rCold    + . .     Faith    .   (no shield)
rNeg     . . .     Spirit   .   b - +0 leather armour
rPois    +         Reflect  .   c - +0 helmet
rElec    +         Harm     .   (no cloak)
rCorr    +         Rampage  .   e - +0 pair of gloves
Will     .....                  (no boots)
Stlth    +.........             (no amulet)
HPRegen  0.09/turn              (no ring)
MPRegen  0.08/turn              (no ring)

@: resistant, hasted, very quick
A: large bone plates 1, condensation shield
a: no special abilities


You were on level 2 of the Dungeon.
You visited 1 branch of the dungeon, and saw 2 of its levels.

You collected 66 gold pieces.

Inventory:

Hand Weapons
 a - a +0 trident (weapon)
Missiles
 d - 3 throwing nets (quivered)
Armour
 b - a +0 leather armour (worn)
 c - a +0 helmet (worn)
 e - a +0 pair of gloves (worn)
Jewellery
 k - a ring of resist corrosion
Scrolls
 h - a scroll of identify
Potions
 i - a potion of attraction


   Skills:
 + Level 2.4 Fighting
 + Level 3.3 Polearms
 + Level 1.8 Throwing
 + Level 0.8 Armour
 + Level 3.0 Dodging
 + Level 0.4 Shields


You had 2 spell levels left.
You didn't know any spells.
Your spell library was empty.

Dungeon Overview and Level Annotations

Branches:
Dungeon (2/15)

Altars:
Ru

Annotations:
D:2 Sigmund


Innate Abilities, Weirdness & Mutations

You are partially covered in large bone plates. (SH +4)
A meltable shield of frost defends you. (SH +4)


Message History

Sigmund gestures at you while chanting. You resist with significant effort.
You barely miss Sigmund.
Sigmund points at you and mumbles some strange words.
You resist with significant effort.
You barely miss Sigmund. Sigmund barely misses you.
You barely miss Sigmund. You block Sigmund's attack.
You closely miss Sigmund. You closely miss Sigmund. You block Sigmund's attack.
You barely miss Sigmund. You block Sigmund's attack.
You barely miss Sigmund. Sigmund gestures at you while chanting.
The magic dart hits you!
You hit Sigmund but do no damage. You barely miss Sigmund.
You block Sigmund's attack.
You hit Sigmund.
Sigmund is lightly wounded.
Sigmund gestures at you while chanting.
You are confused.
You bump into the rock wall.
You bump into the rock wall.
Sigmund hits you with a +0 scythe.
* * * LOW HITPOINT WARNING * * *
You bump into the rock wall.
Sigmund closely misses you.
You bump into the rock wall.
You bump into the rock wall.
Sigmund closely misses you. Sigmund is pulled toward you!
You bump into the rock wall.
Sigmund hits you but does no damage.
You bump into the rock wall.
Sigmund barely misses you.
You bump into the rock wall.
You feel less confused. Sigmund closely misses you.
You feel less attractive to monsters.
You hit Sigmund.
Sigmund is lightly wounded.
You closely miss Sigmund.
Sigmund is lightly wounded.
You block Sigmund's attack.
You hit Sigmund but do no damage.
Sigmund is lightly wounded.
Sigmund hits you with a +0 scythe!
You die...

.......# # ######## #
***** ##### *,,,* ....####
*,*,*** .......# *,,,,,,
......)### ***,***
.......'.# #############
*,**< ###....#.#
#.@@........# *,,,,
########.#
#.#########.########
.....# #.#
#...................
####.#
#.###############.########
*,* #.......†.........#
*,* ###################
*,* *,* *,*


You could see Sigmund.

Vanquished Creatures
  2 adders (D:2)
  A worm (D:2)
  2 endoplasms
  3 giant cockroaches
  2 goblins (D:1)
  A hobgoblin (D:2)
  4 jackals (D:1)
  2 kobolds
  2 quokkas (D:2)
  2 ball pythons (D:1)
  A bat (D:1)
  4 frilled lizards (D:2)
  3 rats (D:1)
29 creatures vanquished.

Notes
Turn   | Place    | Note
-------+----------+-------------------------------------------
     0 | D:1      | Malachi the Demonspawn Gladiator began the quest for the
                  | Orb.
     0 | D:1      | Reached XP level 1. HP: 16/16 MP: 1/1
    20 | D:1      | Found a faded altar of an unknown god.
   769 | D:1      | Gained mutation: You are partially covered in large bone
                  | plates. (SH +4) [demonic ancestry]
   769 | D:1      | Reached XP level 2. HP: 22/22 MP: 2/2
  2533 | D:2      | Gained mutation: A meltable shield of frost defends you.
                  | (SH +4) [demonic ancestry]
  2533 | D:2      | Reached XP level 3. HP: 16/28 MP: 3/3
  2773 | D:2      | Found a sacrificial altar of Ru.
  3340 | D:2      | Noticed Sigmund
  3382 | D:2      | Slain by Sigmund

Illustrated notes

Levels and vault maps discovered:
D:1:      roderic_dead_forest, layout_loops_corners,
          shapermc_ecumenical_altar_gd
D:2:      layout_basic, basic_altar, uniq_sigmund

Skill      XL: |  1  2  3 |
---------------+----------+-----
Polearms       | 3 |  3.3
Dodging        | 3 |  3.0
Fighting       | |  2.4
Throwing       | |  1.8
Armour         | |  0.8
Shields        | |  0.4

Action                   || total
-------------------------++-------
Melee: Trident           ||   164
  Use: Scroll            ||     4
       Potion            ||     5
 Stab: Sleeping          ||     3
Armor: Leather armour    ||    43
Dodge: Dodged            ||    81
Block: Other             ||    35
